 Dungeon Sprint DCSS version 0.18.1-50-g88ac8fd (webtiles) character file.

2979 Kagutsuchi the Fighter (level 9, -6/90 HPs)
             Began as a Black Draconian Berserker on Oct 21, 2016.
             Was an Elder of Trog.
             Blown up by a great orb of eyes (41 damage)
             ... with a disintegration bolt
             ... in the Dungeon (Sprint II: "The Violet Keep of Menkaure").
             The game lasted 00:03:37 (304 turns).

Kagutsuchi the Fighter (Black Draconian Berserker)   Turns: 304, Time: 00:03:37

Health: -6/90      AC:  7    Str: 20    XL:     9   Next: 53%
Magic:  11/13      EV: 18    Int:  8    God:    Trog [****..]
Gold:   202        SH:  0    Dex: 13    Spells: 0 memorised, 13 levels left

rFire  . . .     SeeInvis .     a - +0 falchion
rCold  . . .     Gourm    .     (armour unavailable)
rNeg   . . .     Faith    .     (no shield)
rPois  .         Spirit   .     (helmet restricted)
rElec  +         Dismiss  .     (no cloak)
rCorr  .         Reflect  .     (no gloves)
SustAt .         Harm     .     (no boots)
MR     .....     NoTele   +     (no amulet)
Stlth  ++........               (no ring)
                                (no ring)

@: not resistant to hostile enchantments, unstealthy
A: breathe lightning, unfitting armour, electricity resistance, cold-blooded, AC
+7
a: Breathe Lightning, Berserk, Trog's Hand, Brothers in Arms, Burn Spellbooks,
Renounce Religion


You were in the Dungeon.
You worshipped Trog.
Trog was greatly pleased with you.
You were very hungry.

You visited 1 branch You collected 972 gold pieces.
You spent 770 gold pieces at shops.

Inventory:

Hand Weapons
 a - a +0 falchion (weapon)
Scrolls
 h - a scroll of blinking
Potions
 c - 3 potions of curing
 d - a potion of mutation
 e - a potion of haste
 f - 2 potions of magic
 g - a potion of berserk rage
 i - a potion of heal wounds
Comestibles
 b - a bread ration


   Skills:
 + Level 12.2 Fighting
 + Level 10.9 Long Blades
 + Level 11.7 Dodging
 + Level 3.1 Stealth
 + Level 2.7 Spellcasting


You had 13 spell levels left.
You didn't know any spells.

Dungeon Overview and Level Annotations

Branches:
Dungeon (1/1)

Altars:
Dithmenos
Elyvilon
Fedhas
Kikubaaqudgha
Makhleb
Qazlal
Ru
Trog
Vehumet
Xom
Yredelemnul
Zin
Beogh
Jiyva
Lugonu

Shops:
D :(==[}![%?=[!![:

Annotations:
D exclusion: oklob plant, Roxanne


Innate Abilities, Weirdness & Mutations

You can breathe wild blasts of lightning.
Your glossy black scales are hard (AC +7).
Your body does not fit into most forms of armour.
You are resistant to electric shocks.
You are cold-blooded and may be slowed by cold attacks.


Message History

You hit the great orb of eyes but do no damage.
You tail-slap the great orb of eyes, but do no damage.
The great orb of eyes is moderately wounded.
The great orb of eyes bites you.
You hit the great orb of eyes but do no damage.
The great orb of eyes is moderately wounded.
The great orb of eyes bites you!
You hit the great orb of eyes but do no damage.
The great orb of eyes is moderately wounded.
The great orb of eyes gazes at you.
You feel your power leaking away.
You hit the great orb of eyes but do no damage.
You tail-slap the great orb of eyes, but do no damage.
The great orb of eyes is moderately wounded.
You hit the great orb of eyes.
You tail-slap the great orb of eyes, but do no damage.
The great orb of eyes is moderately wounded.
The great orb of eyes gazes at you.
You are blasted!
You die...

...§....§ # §.§§§ ....
#+++#+++## ... .........#
.. ≈.##+##..# #.
≈##...##.#### +.###
≈#..#..#....# #...#
###.).####..#####..#
.###'###.##..#.G@..#
..##.##†..#..#$%#.^# #
#.'.<.'†##+..####.^##.#
#.##.##...#....###...##▓▓▓
.###†###.##†.§§.§≈≈≈≈≈≈≈≈≈
###†#.####≈≈.....≈#'######
≈#.###.#≈≈≈≈≈≈≈..≈#.......
≈##.#.##≈≈≈§§§≈§§≈#._._...
≈≈##'##≈≈≈≈§§§≈≈≈≈#_._._..


You could see a great orb of eyes.

Vanquished Creatures
  A siren (D)
  2 hippogriffs (D)
  4 neqoxecs (D)
  4 necrophages (D)
  A crocodile (D)
12 creatures vanquished.

Vanquished Creatures (others)
  A crocodile (D)
1 creature vanquished.

Grand Total: 13 creatures vanquished

Notes
Turn   | Place    | Note
--------------------------------------------------------------
     0 | D        | Kagutsuchi the Draconian Berserker began the quest for the Orb.
     0 | D        | Reached XP level 1. HP: 19/19 MP: 1/1
     1 | D        | Noticed a necrophage
     1 | D        | Noticed a necrophage
     1 | D        | Noticed a necrophage
     1 | D        | Noticed a necrophage
     5 | D        | Killed a necrophage
     5 | D        | Reached skill level 6 in Fighting
     5 | D        | Reached skill level 5 in Long Blades
     5 | D        | Reached skill level 5 in Dodging
     5 | D        | Reached XP level 2. HP: 31/31 MP: 2/2
     5 | D        | Reached XP level 3. HP: 38/38 MP: 3/3
     5 | D        | Reached XP level 4. HP: 45/45 MP: 4/4
     7 | D        | Killed a necrophage
     7 | D        | Reached skill level 7 in Fighting
     7 | D        | Reached XP level 5. HP: 53/53 MP: 5/5
    11 | D        | Killed a necrophage
    11 | D        | Reached skill level 8 in Fighting
    18 | D        | Killed a necrophage
    18 | D        | Reached skill level 9 in Fighting
    18 | D        | Reached XP level 6. HP: 62/62 MP: 6/6
    37 | D        | Noticed a neqoxec
    37 | D        | Noticed a neqoxec
    37 | D        | Noticed a neqoxec
    37 | D        | Noticed a neqoxec
    46 | D        | Killed a neqoxec
    56 | D        | Killed a neqoxec
    56 | D        | Reached ** piety under Trog
    56 | D        | Reached skill level 10 in Fighting
    56 | D        | Your scales start taking on a glossy black colour.
    56 | D        | Reached XP level 7. HP: 37/72 MP: 7/7
    56 | D        | Gained mutation: You are resistant to electric shocks. [Black Draconian growth]
    68 | D        | Killed a neqoxec
    76 | D        | Killed a neqoxec
    76 | D        | Reached skill level 11 in Fighting
   105 | D        | Found Foblaenn's Armour Shoppe.
   105 | D        | Found Lokhaf's Distillery.
   106 | D        | Found Rely's Antique Armour Shoppe.
   106 | D        | Found Jefet's Distillery.
   106 | D        | Found Isuk's Book Shoppe.
   106 | D        | Found Jidasseg's Jewellery Emporium.
   107 | D        | Found Ytynu's Antique Armour Emporium.
   107 | D        | Found Posit's Magic Scroll Shoppe.
   107 | D        | Found Kuankaum's Food Emporium.
   107 | D        | Found Cale's Antique Armour Shoppe.
   107 | D        | Found Noege's Jewellery Emporium.
   108 | D        | Found Res Raerr's Jewellery Shoppe.
   108 | D        | Found Pekoegel's Antique Weapon Emporium.
   109 | D        | Found Beahe's Distillery.
   109 | D        | Found Qinuheto's Gadget Emporium.
   109 | D        | Noticed a hippogriff
   110 | D        | Noticed a hippogriff
   110 | D        | Noticed a hippogriff
   110 | D        | Noticed an oklob plant
   111 | D        | Noticed a hell hog
   111 | D        | Found Geaddoed's Book Shoppe.
   112 | D        | Noticed a hell hog
   122 | D        | Reached skill level 10 in Dodging
   132 | D        | Bought a potion of mutation for 32 gold pieces
   132 | D        | Bought a potion of curing for 39 gold pieces
   132 | D        | Bought a potion of curing for 39 gold pieces
   140 | D        | Bought a potion of heal wounds for 60 gold pieces
   158 | D        | Noticed a siren
   171 | D        | Killed a siren
   171 | D        | Reached *** piety under Trog
   171 | D        | Reached skill level 10 in Long Blades
   171 | D        | Reached XP level 8. HP: 82/83 MP: 8/8
   193 | D        | Reached skill level 12 in Fighting
   199 | D        | Reached **** piety under Trog
   205 | D        | Noticed Roxanne
   234 | D        | Bought a potion of experience for 600 gold pieces
   234 | D        | Reached XP level 9. HP: 77/90 MP: 8/13
   257 | D        | Noticed an obsidian statue
   273 | D        | Found a sacrificial altar of Ru.
   274 | D        | Found a burning altar of Makhleb.
   275 | D        | Found a viscous altar of Jiyva.
   275 | D        | Found a radiant altar of Vehumet.
   276 | D        | Found a bloodstained altar of Trog.
   276 | D        | Found a blossoming altar of Fedhas.
   277 | D        | Found a stormy altar of Qazlal.
   278 | D        | Found a roughly hewn altar of Beogh.
   278 | D        | Found a glowing silver altar of Zin.
   278 | D        | Found a corrupted altar of Lugonu.
   279 | D        | Found a shadowy altar of Dithmenos.
   279 | D        | Found a basalt altar of Yredelemnul.
   280 | D        | Found an ancient bone altar of Kikubaaqudgha.
   280 | D        | Found a white marble altar of Elyvilon.
   281 | D        | Found a shimmering altar of Xom.
   287 | D        | Noticed a great orb of eyes
   304 | D        | Blown up by a great orb of eyes

Skill      XL: |  1  2  3  4  5  6  7  8 |
---------------+-------------------------+-----
Fighting       | 6 7 9 10 11 12 | 12.2
Long Blades    | 5 6 8 9 10 | 10.9
Dodging        | 5 6 8 9 10 11 | 11.7
Stealth        | 3 |  3.1
Spellcasting   | 2 |  2.7

Action                   |  1- 3 |  4- 6 |  7- 9 || total
-------------------------+-------+-------+-------++-------
Melee: Falchion          |     2 |    30 |    64 ||    96
       Tailslap          |     2 |     2 |    15 ||    19
Invok: Berserk           |     1 |       |     2 ||     3
  Use: Potion            |       |       |     2 ||     2
Armor: Skin              |       |     6 |     6 ||    12
Dodge: Dodged            |     6 |    25 |    39 ||    70
